 Dungeon Crawl Stone Soup version 0.20-a0-738-gb057e68 (webtiles) character file.

4043 esteth the Transmogrifier (level 10, -4/83 HPs)
             Began as a Green Draconian Transmuter on Feb 23, 2017.
             Was a High Priest of Cheibriados.
             Slain by an ogre
             ... wielding a +0 giant spiked club
              (21 damage)
             ... on level 9 of the Dungeon.
             The game lasted 00:23:50 (8546 turns).

esteth the Transmogrifier (DrTm)                    Turns: 8546, Time: 00:23:50

Health: -4/83      AC: 10    Str: 23    XL:     10   Next: 4%
Magic:  13/14      EV: 20    Int: 27    God:    Cheibriados [*****.]
Gold:   378        SH:  0    Dex: 29    Spells: 1/13 levels left

rFire    . . .     SeeInvis +     - Unarmed
rCold    . . .     Gourm    +   (armour unavailable)
rNeg     . . .     Faith    .   (no shield)
rPois    +         Spirit   .   (helmet restricted)
rElec    .         Reflect  .   (no cloak)
rCorr    .         Harm     .   h - +1 pair of gloves
MR       .....                  n - +0 pair of boots
Stlth    +++.......             u - amulet of the gourmand
Regen    0.3/turn               o - ring of see invisible
MPRegen  0.2/turn               p - +5 ring of slaying

@: agile, short of breath, very slow
A: breathe noxious fumes, unfitting armour, poison resistance, cold-blooded, AC
+7
a: Breathe Noxious Fumes, Bend Time, Temporal Distortion, Slouch, Step From
Time, Renounce Religion


You were on level 9 of the Dungeon.
You worshipped Cheibriados.
Cheibriados was extremely pleased with you.
You were completely stuffed.

You visited 1 branch of the dungeon, and saw 8 of its levels.
You also visited: Sewer.

You collected 378 gold pieces.

Inventory:

Missiles
 a - 124 arrows
Armour
 h - a +1 pair of gloves (worn)
 n - a +0 pair of boots (worn)
Jewellery
 g - an uncursed ring of resist corrosion
 o - a ring of see invisible (right hand)
 p - a +5 ring of slaying (left hand)
 q - an uncursed ring of flight
 u - an amulet of the gourmand (around neck)
Wands
 t - a wand of polymorph (7/24)
Scrolls
 e - 2 scrolls of amnesia
 f - 3 scrolls of teleportation
 i - 3 scrolls of identify
 l - 5 scrolls of remove curse
 r - a scroll of enchant weapon
 s - 3 scrolls of recharging
 v - 2 scrolls of fear
 y - 2 scrolls of immolation
Potions
 k - 2 potions of flight
Books
 b - a book of Changes

   Spells                             Type                      Level
   a - Beastly Appendage              Transmutation                1
   b - Sticks to Snakes               Transmutation                2
   c - Spider Form                    Transmutation/Poison         3
   d - Ice Form                       Ice/Transmutation            4
   e - Blade Hands                    Transmutation                5
Comestibles
 c - 4 bread rations
 d - 2 royal jellies
 j - a fruit
 m - 6 meat rations
 x - 7 chunks of flesh


   Skills:
 - Level 5.8 Fighting
 + Level 3.6 Dodging
 + Level 8.1 Unarmed Combat
 - Level 2.0 Spellcasting
 - Level 8.4 Transmutations
 - Level 3.0 Ice Magic
 - Level 6.5 Invocations


You had one spell level left.
You knew the following spells:

 Your Spells              Type           Power        Failure   Level  Hunger
a - Beastly Appendage     Tmut           #####.       1%          1    None
b - Sticks to Snakes      Tmut           #####...     1%          2    ##.....
c - Ice Form              Ice/Tmut       ####....     12%         4    ####...
d - Blade Hands           Tmut           #####.....   12%         5    ######.


Dungeon Overview and Level Annotations

Branches:
Dungeon (9/15)
 Temple: D:4-7         Lair: D:8-11         Orc: D:9-12

Altars:
Cheibriados
Makhleb
Okawaru
Sif Muna
Uskayaw
Zin

Annotations:
D:3 Sigmund, Terence
D:4 exclusion: upstairs
D:8 Prince Ribbit


Innate Abilities, Weirdness & Mutations

You can breathe blasts of noxious fumes.
Your lurid green scales are hard. (AC +7)
You cannot fit into any form of body armour.
Your system is resistant to poisons. (rPois)
You are cold-blooded and may be slowed by cold attacks.


Message History

The ogre hits you with a giant spiked club!!
* * * LOW HITPOINT WARNING * * *
Your adder bites the two-headed ogre.
The gnoll completely misses you.
The two-headed ogre is engulfed in noxious fumes.
The two-headed ogre appears confused.
The two-headed ogre grins madly.
Your adder bites the two-headed ogre.
The two-headed ogre looks as sick as possible!
Your adder poisons the two-headed ogre!
The ogre barely misses you.
Okay, then.
You feel agile all of a sudden.
The gnoll looks more healthy.
The gnoll misses you.
Your adder bites the two-headed ogre.
The two-headed ogre looks as sick as possible!
Your adder poisons the two-headed ogre!
You punch the ogre! You tail-slap the ogre.
The ogre is moderately wounded.
Your adder barely misses the two-headed ogre.
The ogre hits you with a giant spiked club!!
You die...

#..# #..# #..####
#..# #..# #......
#..####..######......
#...Y............####
#....<(..§.......# #
#....O(.§..####..# #
#....(S§...# #..# #
#...gO§....# #..# #
#...@......# #..# #
#..........# #.<# #
#..........# ..# #
#..######..# #..#
#..# #..# .# #..# #
#..# #..#


You could see a two-headed ogre (confused), an ice beast, an ogre, a gnoll and a
friendly adder.

Vanquished Creatures
  An unseen horror (D:9)
  A troll (D:9)
  3 yaks (D:9)
  Duvessa (D:4)
  2 sky beasts (D:6)
  2 ice beasts
  5 ogres
  2 phantoms (D:6)
  A centaur (D:5)
  A big kobold (D:9)
  A bullfrog (D:9)
  A gnoll sergeant (D:9)
  Dowan (D:4)
  6 killer bees (D:9)
  A scorpion (D:6)
  A wight (D:6)
  3 howler monkeys
  A crimson imp (D:6)
  A hound (D:9)
  A bullfrog zombie (D:9)
  2 orc priests (D:5)
  A jelly (D:6)
  2 centaur skeletons
  3 iguanas
  8 orc wizards
  4 worker ants
  2 hound zombies (D:6)
  A worker ant zombie (D:6)
  Robin (D:4)
  9 adders
  8 gnolls
  A shadow imp (D:5)
  3 oozes (Sewer)
  8 worms
  A dart slug (D:2)
  12 leopard geckos
  19 orcs
  2 ball pythons
  18 bats
  10 giant cockroaches
  10 goblins
  5 hobgoblins
  12 jackals
  5 quokkas
  5 frilled lizards
  A giant cockroach zombie (D:5)
  A jackal skeleton (D:5)
  A jackal zombie (D:5)
  3 kobolds
  A quokka skeleton (D:4)
  6 rats
201 creatures vanquished.

Vanquished Creatures (others)
  A leopard gecko (D:6)
1 creature vanquished.

Grand Total: 202 creatures vanquished

Notes
Turn   | Place    | Note
-------+----------+-------------------------------------------
     0 | D:1      | esteth the Draconian Transmuter began the quest for the Orb.
     0 | D:1      | Reached XP level 1. HP: 16/16 MP: 3/3
   521 | D:1      | Reached XP level 2. HP: 23/23 MP: 5/5
  1075 | D:2      | Found a glowing silver altar of Zin.
  1210 | D:2      | Reached XP level 3. HP: 16/28 MP: 6/6
  2173 | D:2      | Learned a level 2 spell: Sticks to Snakes
  2205 | D:2      | Found a snail-covered altar of Cheibriados.
  2225 | D:2      | Became a worshipper of Cheibriados the Contemplative
  2251 | D:2      | Found a burning altar of Makhleb.
  2251 | D:2      | Noticed a cacodemon
  2370 | D:2      | Reached skill level 5 in Unarmed Combat
  2370 | D:2      | Reached XP level 4. HP: 35/35 MP: 7/7
  2782 | D:3      | Reached XP level 5. HP: 23/40 MP: 8/8
  3096 | D:3      | Noticed Sigmund
  3098 | D:3      | Noticed Terence
  3151 | D:4      | Found a glowing drain.
  3158 | D:4      | Reached * piety under Cheibriados
  3219 | Sewer    | Entered a sewer
  3536 | Sewer    | Reached ** piety under Cheibriados
  4041 | D:4      | Found an iron altar of Okawaru.
  4121 | D:4      | Noticed Duvessa
  4148 | D:4      | HP: 3/60 [Duvessa/short sword (6)]
  4149 | D:4      | Killed Duvessa
  4149 | D:4      | Reached XP level 6. HP: 4/51 MP: 5/9
  4502 | D:4      | Noticed Dowan
  4526 | D:4      | Killed Dowan
  4980 | D:4      | Noticed Robin
  4999 | D:4      | Killed Robin
  5113 | D:4      | Learned a level 4 spell: Ice Form
  5133 | D:5      | Entered Level 5 of the Dungeon
  5179 | D:4      | Reached skill level 5 in Fighting
  5179 | D:4      | Your scales start taking on a lurid green colour.
  5179 | D:4      | Reached XP level 7. HP: 35/61 MP: 6/10
  5179 | D:4      | Gained mutation: Your system is resistant to poisons. (rPois) [Green Draconian growth]
  5634 | D:5      | Reached *** piety under Cheibriados
  5634 | D:5      | Reached skill level 1 in Ice Magic
  6537 | D:5      | Reached **** piety under Cheibriados
  6645 | D:6      | Reached XP level 8. HP: 60/70 MP: 11/11
  6784 | D:6      | Found a deep blue altar of Sif Muna.
  7281 | D:6      | Reached skill level 1 in Invocations
  7465 | D:6      | You fall through a shaft for 3 floors!
  7485 | D:9      | Found a hide-covered altar of Uskayaw.
  7508 | D:9      | Reached XP level 9. HP: 17/75 MP: 12/12
  7508 | D:9      | Reached ***** piety under Cheibriados
  7688 | D:9      | Reached skill level 5 in Invocations
  7715 | D:9      | Noticed a troll
  7725 | D:9      | Killed a troll
  8020 | D:9      | Noticed an unseen horror
  8038 | D:9      | Killed an unseen horror
  8267 | D:9      | Reached XP level 10. HP: 45/83 MP: 14/14
  8437 | D:9      | Learned a level 5 spell: Blade Hands
  8523 | D:8      | Noticed a two-headed ogre
  8526 | D:8      | Noticed Prince Ribbit
  8546 | D:9      | Slain by an ogre

Vault maps used:
D:1:      dpeg_arrival_rhombus, corner_web_ring
D:2:      makhleb_altar_promises_db, kennysheep_slug_shrine, zin_statuary
D:3:      first_bread, uniq_sigmund, uniq_terence
D:4:      okawaru_ov_weapons_minmay, portal_sewer_entry_f, uniq_duvessa,
          uniq_robin
D:6:      minmay_ruined_shrine
D:8:      kiku_gazebo_garden_becter, erik_lair_island, uniq_prince_ribbit1
D:9:      tgw_sif, lemuel_crystal_altar, kennysheep_orc_monster_closet_entryway
Sewer:    sewer_fruit_machine

Skill      XL: |  1  2  3  4  5  6  7  8  9 |
---------------+----------------------------+-----
Unarmed Combat | 4 5 8 |  8.1
Transmutations | 3 4 8 |  8.4
Fighting       | 3 5 |  5.8
Ice Magic      | 3 |  3.0
Dodging        | 3 |  3.6
Invocations    | 4 6 |  6.5
Spellcasting   | |  2.0

Action                   |  1- 3 |  4- 6 |  7- 9 | 10-12 || total
-------------------------+-------+-------+-------+-------++-------
Melee: Unarmed           |   148 |   299 |   276 |    10 ||   733
       Tailslap          |    12 |    36 |    59 |     1 ||   108
       Punch             |       |     8 |    19 |     1 ||    28
 Cast: Ice Form          |       |       |     1 |       ||     1
       Sticks to Snakes  |       |       |       |     1 ||     1
Invok: Bend Time         |       |     4 |     1 |       ||     5
       Slouch            |       |       |     1 |       ||     1
 Abil: Breathe Noxious F |       |       |     6 |     2 ||     8
  Use: Scroll            |     7 |     4 |     5 |       ||    16
       Potion            |     3 |     8 |     2 |     1 ||    14
 Stab: Sleeping          |     1 |     3 |     1 |       ||     5
       Confused          |       |       |     4 |       ||     4
  Eat: Chunk             |     5 |    11 |    17 |     1 ||    34
Armor: Skin              |    48 |   105 |    94 |     8 ||   255
Dodge: Dodged            |    96 |   226 |   202 |    31 ||   555
